 Dungeon Crawl Stone Soup version 0.30.1-9-gdf580d7c3d (webtiles) character file.

Game seed: 12592610978075675622

164254 jagang the Fencer (level 18, -16/145 HPs)
             Began as a Human Fighter on Sept 27, 2023.
             Was the Champion of the Shining One.
             Demolished by Agnes
             ... wielding a +3 vampiric lajatang
              (30 damage)
             ... on level 14 of the Dungeon.
             The game lasted 02:45:08 (26244 turns).

jagang the Fencer (Human Fighter)                  Turns: 26244, Time: 02:45:14

Health: -16/145    AC: 26    Str: 23    XL:     18   Next: 18%
Magic:  18/27      EV: 10    Int: 11    God:    the Shining One [******]
Gold:   2098       SH: 18    Dex: 18    Spells: 17/17 levels left

rFire   x . .        Y - +10 scimitar "Riklaitaph" {freeze, rF- rC+++ Int+3}
rCold   + + +        S - +0 tower shield
rNeg    + + +        P - +0 chain mail of Xereum {rElec rPois Dex+3}
rPois   +            J - +2 helmet {SInv}
rElec   +            F - +0 cloak
rCorr   .            T - +0 pair of gloves
SInv    +            w - +2 pair of boots {rampage}
Will    +....        v - amulet of regeneration Stlth
                     W - +4 ring of protection
HPRegen 1.24/turn    V - ring of flight
MPRegen 0.20/turn

%: rampage
@: flying, glowing
A: no striking features
}: 1/15 runes: decaying
a: Renounce Religion, Divine Shield, Cleansing Flame, Summon Divine Warrior,
Brand Weapon With Holy Wrath


You were on level 14 of the Dungeon.
You worshipped the Shining One.
The Shining One was exalted by your worship.
You visited 5 branches of the dungeon, and saw 26 of its levels.
You visited the Abyss 1 time.
You also visited: Ice Cave and Volcano.

You collected 3159 gold pieces.
You spent 1061 gold pieces at shops.

Inventory:

Hand Weapons
 i - the +0 double sword of the Riding Gods {flame, rPois rC+ Will+ Dex-2}
   (You acquired it on level 2 of the Lair of Beasts)

   Dex:       It affects your dexterity (-2).
   rC:        It protects you from cold.
   rPois:     It protects you from poison.
   Will:      It increases your willpower.
 O - a +5 scimitar of holy wrath
 Q - a +9 scimitar of freezing
 Y - the +10 scimitar "Riklaitaph" (weapon) {freeze, rF- rC+++ Int+3}
   (You acquired it on level 3 of the Lair of Beasts)

   Int:       It affects your intelligence (+3).
   rF:        It makes you vulnerable to fire.
   rC:        It renders you almost immune to cold.
Missiles
 c - 7 javelins (quivered)
 o - 3 curare-tipped darts
 L - 45 poisoned darts
Armour
 w - a +2 pair of boots of rampaging (worn)
 F - a +0 cloak (worn)
 J - a +2 helmet of see invisible (worn)
 P - the +0 chain mail of Xereum (worn) {rElec rPois Dex+3}
   (You found it on level 4 of the Swamp)

   Dex:       It affects your dexterity (+3).
   rElec:     It insulates you from electricity.
   rPois:     It protects you from poison.
 S - a +0 tower shield (worn)
 T - a +0 pair of gloves (worn)
Jewellery
 v - an amulet of regeneration (around neck)
 V - a ring of flight (right hand)
 W - a +4 ring of protection (left hand)
Wands
 f - a wand of polymorph (4)
 u - a wand of digging (2)
 x - a wand of flame (42)
 y - a wand of iceblast (21)
 E - a wand of charming (44)
 H - a wand of mindburst (20)
 K - a wand of quicksilver (24)
Scrolls
 b - 4 scrolls of magic mapping
 g - 7 scrolls of fog
 k - 10 scrolls of amnesia
 m - 2 scrolls of summoning
 p - a scroll of fear
 r - 3 scrolls of enchant armour
 C - 5 scrolls of poison
 G - 5 scrolls of teleportation
 I - 4 scrolls of blinking
 M - 7 scrolls of vulnerability
 U - 5 scrolls of identify
Potions
 a - 2 potions of heal wounds
 d - 3 potions of might
 e - 5 potions of brilliance
 h - 7 potions of lignification
 j - 2 potions of resistance
 l - 4 potions of cancellation
 n - 13 potions of curing
 s - a potion of ambrosia
 t - 4 potions of mutation
 z - 2 potions of flight
 A - 2 potions of haste
 B - 2 potions of magic
 Z - 3 potions of berserk rage
Miscellaneous
 N - a phial of floods


   Skills:
 * Level 13.8 Fighting
 * Level 16.9 Long Blades
 - Level 4.0 Throwing
 + Level 12.7 Armour
 - Level 5.0 Dodging
 + Level 12.7 Shields
 + Level 12.4 Invocations
 + Level 8.7 Evocations


You had 17 spell levels left.
You didn't know any spells.
Your spell library contained the following spells:

 Spells                   Type           Power      Damage    Failure   Level
 Apportation              Tloc           0%         N/A       99%         1
 Magic Dart               Conj           0%         1d3       99%         1
 Necrotise                Necr           0%         1d4       99%         1
 Shock                    Conj/Air       0%         1d3       99%         1
 Summon Small Mammal      Summ           0%         N/A       99%         1
 Blink                    Tloc           0%         N/A       100%        2
 Call Imp                 Summ           0%         N/A       100%        2
 Lesser Beckoning         Tloc           0%         N/A       100%        2
 Momentum Strike          Conj/Tloc      0%         3d8       100%        2
 Sublimation of Blood     Necr           0%         N/A       100%        2
 Call Canine Familiar     Summ           0%         N/A       100%        3
 Dazzling Flash           Conj/Hex       0%         N/A       100%        3
 Frozen Ramparts          Ice            0%         1d1       100%        3
 Hailstorm                Conj/Ice       0%         3d3       100%        3
 Mephitic Cloud           Conj/Pois/Air  0%         N/A       100%        3
 Portal Projectile        Hex/Tloc       0%         N/A       100%        3
 Stone Arrow              Conj/Erth      0%         3d7       100%        3
 Swiftness                Air            0%         N/A       100%        3
 Vhi's Electric Charge    Tloc/Air       0%         N/A       100%        3
 Volatile Blastmotes      Fire/Tloc      0%         2d10      100%        3
 Airstrike                Air            0%         2d(0-16)  100%        4
 Animate Armour           Summ/Erth      0%         N/A       100%        4
 Ice Form                 Ice/Tmut       0%         N/A       100%        4
 Iskenderun's Mystic Bla  Conj/Tloc      0%         2d3       100%        4
 Leda's Liquefaction      Hex/Erth       0%         N/A       100%        4
 Petrify                  Tmut/Erth      0%         N/A       100%        4
 Summon Ice Beast         Ice/Summ       0%         N/A       100%        4
 Alistair's Intoxication  Tmut/Pois      0%         N/A       100%        5
 Arcjolt                  Conj/Air       0%         1d10      100%        5
 Borgnjor's Vile Clutch   Necr/Erth      0%         N/A       100%        5
 Irradiate                Conj/Tmut      0%         3d11      100%        5
 Iskenderun's Battlesphe  Conj           0%         2d6       100%        5
 Eringya's Noxious Bog    Tmut/Pois      0%         N/A       100%        6
 Iron Shot                Conj/Erth      0%         9d1       100%        6
 Plasma Beam              Fire/Air       0%         2x1d11    100%        6
 Simulacrum               Ice/Necr       0%         N/A       100%        6
 Starburst                Conj/Fire      0%         6d3       100%        6
 Spellforged Servitor     Conj/Summ      0%         N/A       100%        7
 Lehudib's Crystal Spear  Conj/Erth      0%         10d2      100%        8


Dungeon Overview and Level Annotations

Branches:
Dungeon (14/15)            Temple (1/1) D:4            Lair (5/5) D:11
  Swamp (4/4) Lair:3       Spider (0/4) Lair:3        Slime (0/5) Lair:5
    Orc (2/2) D:11            Elf (0/3) Orc:2         IceCv (visited)
Volcano (visited)
 Vaults: D:13-14

Altars:
Ashenzari
Cheibriados
Dithmenos
Elyvilon
Fedhas
Gozag
Hepliaklqana
Kikubaaqudgha
Makhleb
Nemelex Xobeh
Okawaru
Qazlal
Sif Muna
Trog
Uskayaw
Vehumet
Wu Jian
Xom
Yredelemnul
Zin
The Shining One

Shops:
D:9 ??   Orc:1 :[   Orc:2 :(?[*

Annotations:
D:9 2 transporters, cbfl8's ghost, journeyman MiBe
D:11 3 runed translucent doors, Renzlar's ghost, journeyman GnFi
D:14 Agnes
Temple 2 transporters
Lair:5 1 runed translucent door


Message History

The centaur warrior hits you but does no damage.
The centaur warrior kicks you but does no damage.
Agnes hits you but does no damage.
The centaur hits you but does no damage.
You block the centaur's attack.
The centaur warrior hits you but does no damage.
The centaur warrior kicks you but does no damage.
You block Agnes's attack.
You slash the centaur warrior! You freeze the centaur warrior.
You kill the centaur warrior!
You block the centaur's attack. The centaur closely misses you.
A centaur comes into view.
Agnes completely misses you. You block the centaur's attack.
The centaur barely misses you.
You hit the centaur. You freeze the centaur.
You kill the centaur!
Agnes hits you with a +3 vampiric lajatang!!
Agnes hits you with a +3 vampiric lajatang!
* * * LOW HITPOINT WARNING * * *
You slash Agnes! You freeze Agnes.
Agnes is moderately wounded.
You block Agnes's attack.
You slice Agnes!! You freeze Agnes!
Agnes is heavily wounded.
Agnes hits you with a +3 vampiric lajatang!
* * * LOW HITPOINT WARNING * * *
You block the centaur's attack. x2; You block Agnes's attack.
Activating: Cleansing Flame (1% risk of failure)
Press: ? - help, Dir - look around, f - activate The golden flame engulfs you but does no damage.
You resist.
The golden flame engulfs Agnes!!
Agnes is severely wounded.
The golden flame engulfs the centaur!
The centaur is severely wounded.
You block the centaur's attack. x2
Agnes hits you with a +3 vampiric lajatang!
* * * LOW HITPOINT WARNING * * *
You block the centaur's attack. The centaur misses you.
Agnes hits you with a +3 vampiric lajatang!!
You die...

#..######..# #..#
#............ ....
#........... ..?..
#..######..# ..##
#..# #..# # #..#
#..# .#
#..######^.####..###
#..........)c)......
#........).@i)......
#..#####..#####.....
#..# #)[# ... #..#
#..# . ...# #.c#
....# #... ###..#
#.... #..## #..#


You could see Agnes and a centaur.

Vanquished Creatures
  Frances (D:12)
  2 thorn hunters
  A daeva (Abyss:3)
  A fenstrider witch (Swamp:1)
  An azure jelly (Swamp:4)
  A caustic shrike skeleton (Abyss:3)
  3 ghouls
  3 reapers (IceCv)
  4 eleionomae
  2 very ugly things
  2 bunyips
  2 fire dragons
  4 ghost crabs
  A rakshasa (D:13)
  11 hydras
  2 ice dragons (Swamp:4)
  3 caustic shrike simulacra (IceCv)
  8 alligators
  4 centaur warriors
  5 two-headed ogres
  2 boulder beetles
  14 death yaks
  Erica (D:8)
  4 tengu warriors
  3 orc high priests (Orc:2)
  2 thrashing horrors (Abyss:3)
  3 sun demons (Volcano)
  Sonja (D:12)
  16 spriggans
  2 skysharks
  Lodul (D:14)
  A glowing orange brain (Abyss:3)
  A pharaoh ant (Lair:3)
  7 spriggan druids
  A flayed ghost (Abyss:3)
  4 goliath frogs
  2 obsidian statues (IceCv)
  4 swamp dragons
  9 bog bodies
  4 orc knights (Orc:2)
  A necromancer (Lair:3)
  5 orc sorcerers (Orc:2)
  10 ugly things
  2 wolf spiders
  Maurice (D:8)
  3 will-o-the-wisps
  2 cyclopes (D:14)
  A guardian serpent (Lair:5)
  11 elephants
  4 black mambas
  A smoke demon (Volcano)
  21 cane toads
  A gargoyle (D:12)
  5 unseen horrors
  2 kobold demonologists (D:11)
  5 komodo dragons
  2 golden dragon simulacra (IceCv)
  9 freezing wraiths
  A tengu conjurer (D:14)
  7 rime drakes
  An efreet (Abyss:3)
  2 bloated husks (Swamp:4)
  12 tyrant leeches
  8 trolls
  A polar bear (Lair:1)
  15 hornets
  A tarantella (Lair:3)
  12 blink frogs (Lair:3)
  8 dream sheep
  A jumping spider (Lair:3)
  A centaur simulacrum (D:14)
  2 vampires
  38 yaks
  4 small abominations (Abyss:3)
  11 wyverns (Lair:5)
  A ynoxinul (Abyss:3)
  2 wraiths
  2 large abominations (Abyss:3)
  A basilisk (Lair:2)
  6 steam dragons
  6 redbacks
  2 minotaur simulacra (IceCv)
  A chaos spawn (Abyss:3)
  Menkaure (D:7)
  A harpy simulacrum (IceCv)
  2 swamp worm simulacra (Swamp:4)
  9 vampire mosquitoes
  9 swamp worms
  3 wargs (Orc:1)
  23 water moccasins
  An acid dragon (Lair:5)
  18 hydra simulacra
  2 hell hounds (Volcano)
  7 ice beasts (D:11)
  3 sky beasts
  14 orc warriors
  3 ettin simulacra (IceCv)
  5 swamp drakes
  4 black bears
  11 ogres
  A wolf (D:11)
  13 centaurs
  A phantom (D:5)
  4 kobold brigands
  A gnoll sergeant (D:7)
  A necrophage (Swamp:4)
  6 bullfrogs
  15 scorpions
  12 wights
  10 killer bees
  5 spriggan skeletons (D:11)
  A troll skeleton (D:11)
  2 howler monkeys (D:6)
  3 electric eels (Lair:3)
  2 jellies
  11 orc priests
  2 hounds
  2 gnoll boudas
  3 starcursed masses (Abyss:3)
  5 iguanas
  14 orc wizards
  A sleepcap (D:6)
  2 yak simulacra (Lair:3)
  3 polar bear simulacra (Lair:3)
  2 wolf simulacra (Lair:3)
  A mummy (D:8)
  10 gnolls
  9 adders
  A shadow imp (D:6)
  3 white imps
  6 swamp drake simulacra (Swamp:4)
  3 worms
  6 dart slugs
  43 orcs
  5 ball pythons
  3 endoplasms
  2 giant cockroaches (D:2)
  15 goblins
  10 hobgoblins
  4 jackals (D:2)
  5 quokkas
  12 bats
  5 frilled lizards
  22 kobolds
  5 rats
  4 river rat simulacra (Lair:3)
  A spectral orc (D:12)
788 creatures vanquished.

Vanquished Creatures (collateral kills)
  Louise (Swamp:2)
  An alligator (Swamp:3)
  A will-o-the-wisp (Swamp:4)
  A hornet (Swamp:4)
  2 spriggans (Swamp:4)
6 creatures vanquished.

Vanquished Creatures (others)
  2 spriggan druids
  6 bloated husks
  A tyrant leech (Swamp:1)
  A vampire mosquito (Swamp:2)
  A swamp worm (Swamp:4)
  An orc priest (Orc:2)
  An orc (D:14)
  18 foxfires
31 creatures vanquished.

Grand Total: 825 creatures vanquished

Notes
Turn   | Place    | Note
-------+----------+-------------------------------------------
     0 | D:1      | jagang the Human Fighter began the quest for the Orb.
     0 | D:1      | Reached XP level 1. HP: 18/18 MP: 1/1
   276 | D:1      | Reached XP level 2. HP: 23/24 MP: 2/2
   542 | D:1      | Reached XP level 3. HP: 22/29 MP: 3/3
  1173 | D:2      | Reached XP level 4. HP: 33/35 MP: 4/4
  1181 | D:2      | Reached skill level 3 in Long Blades
  1218 | D:2      | Identified the ring of Afredima {rPois rN+ Int+3 Dex+6
                  | SInv}
  1768 | D:3      | Reached skill level 1 in Throwing
  1768 | D:3      | Reached XP level 5. HP: 23/41 MP: 5/5
  2174 | D:3      | Reached skill level 4 in Long Blades
  2350 | D:3      | Reached XP level 6. HP: 48/48 MP: 6/6
  3167 | D:4      | Reached XP level 7. HP: 27/55 MP: 7/7
  3390 | D:4      | Found a staircase to the Ecumenical Temple.
  3490 | Temple   | Entered the Ecumenical Temple
  3490 | Temple   | Found a transporter.
  3490 | Temple   | Found a transporter.
  3492 | Temple   | Found a transporter.
  3492 | Temple   | Found a transporter.
  3515 | Temple   | Became a worshipper of the Shining One
  3893 | D:5      | Entered Level 5 of the Dungeon
  3922 | D:5      | Noticed a water moccasin
  3935 | D:5      | Killed a water moccasin
  4139 | D:5      | Found a burning altar of Makhleb.
  4254 | D:5      | Reached skill level 5 in Long Blades
  4633 | D:6      | Reached XP level 8. HP: 61/61 MP: 8/8
  4665 | D:6      | Identified the staff of poison "Jiod" {rPois Int+4 Dex+3
                  | Stlth-}
  4713 | D:6      | Reached skill level 5 in Fighting
  4802 | D:6      | Reached skill level 5 in Shields
  4898 | D:6      | Reached skill level 5 in Armour
  4990 | D:6      | Reached skill level 6 in Long Blades
  5041 | D:6      | Reached XP level 9. HP: 50/69 MP: 9/9
  5367 | D:6      | Reached * piety under the Shining One
  5377 | D:6      | Reached skill level 1 in Invocations
  5416 | D:6      | Reached skill level 1 in Evocations
  5774 | D:7      | Found a broken altar of Ashenzari.
  5909 | D:7      | Noticed Menkaure
  5914 | D:7      | Killed Menkaure
  5989 | D:7      | Reached skill level 7 in Long Blades
  5991 | D:7      | Found an ornate altar of the Wu Jian Council.
  6087 | D:7      | Reached XP level 10. HP: 50/79 MP: 11/11
  6233 | D:7      | Reached ** piety under the Shining One
  6533 | D:7      | Found a hide-covered altar of Uskayaw.
  6640 | D:8      | Noticed a two-headed ogre
  6654 | D:8      | Killed a two-headed ogre
  7188 | D:8      | Found a snail-covered altar of Cheibriados.
  7340 | D:8      | Noticed Erica
  7346 | D:8      | Killed Erica
  7347 | D:8      | Reached skill level 8 in Long Blades
  7422 | D:8      | Noticed Maurice
  7452 | D:8      | Killed Maurice
  7849 | D:9      | Found Byama's Magic Scroll Emporium.
  7857 | D:9      | Bought a scroll of enchant weapon for 82 gold pieces
  7944 | D:9      | Found Ytuor's Magic Scroll Shoppe.
  7950 | D:9      | Reached XP level 11. HP: 81/86 MP: 13/13
  7972 | D:9      | Bought a scroll of fog for 48 gold pieces
  7972 | D:9      | Bought a scroll of identify for 24 gold pieces
  7972 | D:9      | Bought a scroll of identify for 24 gold pieces
  8162 | D:9      | Noticed a two-headed ogre
  8169 | D:9      | Killed a two-headed ogre
  8397 | D:9      | Found a transporter.
  8401 | D:9      | Found a transporter.
  8407 | D:9      | Noticed cbfl8's ghost (journeyman MiBe)
  8712 | D:10     | Entered Level 10 of the Dungeon
  8794 | D:10     | Reached skill level 9 in Long Blades
  8985 | D:10     | Identified the +4 ring mail of the Past {rN+ Str+3}
  9251 | D:10     | Noticed a two-headed ogre
  9263 | D:10     | Killed a two-headed ogre
  9264 | D:10     | Reached skill level 5 in Invocations
  9444 | D:10     | Noticed a two-headed ogre
  9452 | D:10     | Killed a two-headed ogre
  9640 | D:11     | Reached *** piety under the Shining One
  9652 | D:10     | Reached skill level 1 in Dodging
  9777 | D:11     | Reached XP level 12. HP: 87/95 MP: 16/16
  9906 | D:11     | Found a runed translucent gate.
  9906 | D:11     | Found a runed translucent gate.
  9907 | D:11     | Found a runed translucent gate.
  9907 | D:11     | Noticed Renzlar's ghost (journeyman GnFi)
  9950 | D:11     | Noticed a tengu warrior
  9969 | D:11     | Noticed a soul eater
  9970 | D:11     | Killed a tengu warrior
  9973 | D:11     | Reached skill level 10 in Long Blades
  9974 | D:11     | Noticed a sun demon
 10219 | D:11     | Found a staircase to the Lair.
 10233 | Lair:1   | Entered Level 1 of the Lair of Beasts
 10337 | D:11     | Noticed a two-headed ogre
 10360 | D:11     | Killed a two-headed ogre
 10455 | D:11     | Found a staircase to the Orcish Mines.
 10785 | Orc:1    | Entered Level 1 of the Orcish Mines
 11005 | Orc:1    | Found Hobushidgh's Antique Armour Emporium.
 11013 | Orc:1    | Bought a pair of glowing boots for 187 gold pieces
 11043 | Orc:1    | Found Ifitu's Self-Improvement Boutique.
 11299 | Orc:2    | Entered Level 2 of the Orcish Mines
 11643 | Orc:2    | Found a staircase to the Elven Halls.
 11697 | Orc:2    | Reached **** piety under the Shining One
 11698 | Orc:2    | Found Efi Zost's Book Shoppe.
 11702 | Orc:2    | Noticed an orc high priest
 11704 | Orc:2    | Noticed an orc high priest
 11708 | Orc:2    | Noticed a sun demon
 11712 | Orc:2    | Noticed a sun demon
 11744 | Orc:2    | Killed an orc high priest
 11747 | Orc:2    | Noticed a soul eater
 11748 | Orc:2    | Noticed a sun demon
 11750 | Orc:2    | Killed an orc high priest
 11753 | Orc:2    | Reached XP level 13. HP: 68/103 MP: 10/18
 11760 | Orc:2    | Reached skill level 10 in Fighting
 11765 | Orc:2    | Reached skill level 11 in Long Blades
 11766 | Orc:2    | HP: 5/103 [orc knight/+0 great mace (21)]
 11899 | Orc:2    | Found a dark tunnel.
 11904 | Volcano  | Entered a volcano
 12233 | Volcano  | Noticed a fire dragon
 12259 | Volcano  | Killed a fire dragon
 12670 | Orc:2    | Found Doliulea's General Store.
 12791 | Orc:2    | Found Momepue's Weapon Shop.
 12796 | Orc:2    | Found Paaced's Magic Scroll Shop.
 12798 | Orc:2    | Found Faepnade's Armour Shoppe.
 12804 | Orc:2    | Bought a scroll of vulnerability for 60 gold pieces
 12804 | Orc:2    | Bought a scroll of identify for 30 gold pieces
 12804 | Orc:2    | Bought a scroll of enchant weapon for 112 gold pieces
 12804 | Orc:2    | Bought a scroll of identify for 30 gold pieces
 12804 | Orc:2    | Bought a scroll of identify for 30 gold pieces
 12806 | Orc:2    | Bought a +2 helmet of see invisible for 322 gold pieces
 13346 | D:12     | Reached skill level 5 in Dodging
 13626 | D:12     | Reached skill level 12 in Long Blades
 13668 | D:12     | Noticed Sonja
 13683 | D:12     | Killed Sonja
 13884 | D:12     | Found a hazy altar of Hepliaklqana.
 13917 | D:12     | Noticed Frances
 13925 | D:12     | Killed Frances
 14127 | D:13     | Noticed a seven-headed hydra
 14133 | D:13     | Killed a three-headed hydra
 14158 | D:13     | Reached XP level 14. HP: 102/111 MP: 20/20
 14445 | D:13     | Reached ***** piety under the Shining One
 15232 | Lair:1   | Reached skill level 10 in Shields
 15457 | Lair:2   | Reached skill level 10 in Armour
 15533 | Lair:2   | Identified a scroll of acquirement
 15534 | Lair:2   | Acquired the +0 double sword of the Riding Gods {flame,
                  | rPois rC+ Will+ Dex-2}
 15571 | Lair:2   | Reached skill level 13 in Long Blades
 16313 | Lair:3   | Found a staircase to the Swamp.
 16409 | Lair:3   | Acquired the +10 scimitar "Riklaitaph" {freeze, rF- rC+++
                  | Int+3}
 16557 | Lair:3   | Found a hole to the Spider Nest.
 16793 | Lair:3   | Reached XP level 15. HP: 112/119 MP: 22/22
 17648 | Lair:4   | Reached skill level 5 in Evocations
 17669 | Lair:4   | Reached skill level 14 in Long Blades
 18244 | Lair:5   | Entered Level 5 of the Lair of Beasts
 18250 | Lair:5   | Reached skill level 10 in Invocations
 18262 | Lair:5   | Reached ****** piety under the Shining One
 18321 | Lair:5   | Found a runed translucent door.
 18323 | Lair:5   | Noticed an azure jelly
 18334 | Lair:5   | Found a staircase to the Slime Pits.
 18334 | Lair:5   | Noticed an azure jelly
 19075 | Lair:5   | Reached XP level 16. HP: 114/127 MP: 23/23
 19572 | Swamp:1  | Entered Level 1 of the Swamp
 19646 | Lair:3   | Reached skill level 15 in Long Blades
 19676 | Swamp:1  | Noticed a thorn hunter
 19696 | Swamp:1  | Killed a thorn hunter
 19788 | Swamp:1  | Found a white marble altar of Elyvilon.
 19792 | Swamp:1  | Noticed a fenstrider witch
 19802 | Swamp:1  | Killed a fenstrider witch
 20878 | Swamp:2  | Found a frozen archway.
 20906 | Swamp:2  | HP: 3/129 [white very ugly thing (39)]
 20915 | Swamp:2  | Noticed Louise
 20924 | IceCv    | Entered an ice cave
 21854 | IceCv    | Reached XP level 17. HP: 88/135 MP: 15/25
 21862 | IceCv    | Identified the staff of air "Otuxilug" {rElec MP+9 Str+3
                  | Int+2}
 21968 | Abyss:3  | Cast into level 3 of the Abyss (Louise)
 22013 | Abyss:3  | Found a corrupted altar of Lugonu.
 22235 | Abyss:3  | Reached skill level 16 in Long Blades
 22246 | Abyss:3  | Noticed a tentacled monstrosity
 22273 | Swamp:2  | Escaped the Abyss
 22287 | Swamp:2  | Killed Louise
 22926 | Swamp:2  | HP: 6/136 [alligator[a spriggan druid] (17)]
 22932 | Swamp:2  | HP: 5/136 [alligator[a spriggan druid] (13)]
 23882 | Swamp:4  | Entered Level 4 of the Swamp
 23952 | Swamp:4  | Noticed a thorn hunter
 23962 | Swamp:3  | Killed a thorn hunter
 24278 | Swamp:4  | Identified the +0 chain mail of Xereum {rElec rPois Dex+3}
 24962 | Swamp:4  | Reached XP level 18. HP: 143/145 MP: 27/27
 25329 | Swamp:4  | Got a decaying rune of Zot
 25774 | Orc:2    | Bought a scroll of blinking for 112 gold pieces
 25952 | D:14     | Noticed Lodul
 25975 | D:14     | Killed Lodul
 26233 | D:14     | Noticed Agnes
 26244 | D:14     | Demolished by Agnes

Illustrated notes

Levels and vault maps discovered:
D:1:      eino_arrival_tree_alley, layout_loops_ring, serial_forest,
          infiniplex_forest_clump_double, infiniplex_forest_clump_diagonal,
          infiniplex_forest_corner_2, infiniplex_forest_straight_3,
          infiniplex_forest_3_way, infiniplex_forest_lined_3_way,
          infiniplex_forest_zigzag_1, infiniplex_forest_lined_room_
D:2:      layout_rooms, minmay_goblin_outpost
D:3:      minmay_razor_zed, layout_loops_ring
D:4:      layout_basic, minmay_temple_entry_hall
D:5:      layout_loops_ring, bloody_makhleb, minmay_misc_feat_nine_boxes
D:6:      old_forge, layout_basic, nicolae_figureground_sparkle
D:7:      layout_loops_ring, nicolae_uskayaw_dance_studio,
          ashenzari_conservatory_becter, lemuel_crystal_altar,
          chequers_decorated_corner, uniq_menkaure
D:8:      layout_loops_ring, slow_altar_2, small_statue_alley_b, uniq_erica,
          uniq_maurice
D:9:      layout_roguey, serial_shops, shop, shop, gammafunk_ghost_hive
D:10:     layout_loops_corners
D:11:     layout_loops_ring, hellmonk_lair_entry_icy, orc_0_dummy,
          ebering_ghost_rock_garden, hangedman_tell_no_tales
D:12:     layout_irregular_city, nicolae_hepliaklqana_monster_ancestors,
          uniq_sonja, uniq_frances
D:13:     layout_loops_ring, grunt_ministairs_12, minmay_misc_feat_enclosed
D:14:     layout_small_grid, david_vaults_5, skrybe_limestone_x, uniq_lodul,
          uniq_agnes
Temple:   hellmonk_temple_divided_pantheon
Lair:1:   layout_gridlike
Lair:2:   layout_regular_city
Lair:3:   layout_gridlike, minmay_swamp_entry_worms,
          nicolae_spider_entry_lesser_pyramids, eino_house_with_fridge,
          lemuel_fruit_fields
Lair:4:   layout_roguey, minmay_shattered_shrine, grunt_megastairs_2
Lair:5:   guppyfry_lair_end_dragon, layout_gridlike,
          hangedman_lair_tendril_chambers, slime_entry_2, minmay_hedge_maze,
          infiniplex_staircase_pool
Swamp:1:  cheibrodos_swamp_tower_of_moss, layout_basic_swamp,
          evilmike_swamp_ruin_house_6, lemuel_altar_in_water
Swamp:2:  layout_falls_marsh, portal_ice_cave_entry_ugly_swarm,
          evilmike_swamp_ruin_house_4, swamp_pool1, uniq_louise
Swamp:3:  nicolae_swamp_ascending_descending_big, layout_basic_swamp,
          evilmike_swamp_ruin_house_2, swamp_pool4
Swamp:4:  swamp_icy, layout_basic_swamp
Orc:1:    layout_diamond_mine, serial_shops, shop, nicolae_shop_self_help
Orc:2:    st_orc_elflike, layout_diamond_mine, serial_shops, shop,
          enter_volcano_4

Skill      XL: |  1  2  3  4  5  6  7  8  9 10 11 12 13 14 15 16 17 |
---------------+----------------------------------------------------+-----
Long Blades    | 3 4 5 6 7 8 9 10 12 13 14 15 16 | 16.9
Throwing       | 1 2 3 4 |  4.0
Fighting       | 4 5 7 8 9 10 11 12 13 | 13.8
Shields        | 4 5 6 7 8 9 10 11 12 | 12.7
Armour         | 4 5 6 7 8 9 10 11 12 | 12.7
Invocations    | 2 3 5 6 8 9 10 11 12 | 12.4
Evocations     | 2 3 4 6 7 8 |  8.7
Dodging        | 1 3 5 |  5.0

Action                     |  1- 3 |  4- 6 |  7- 9 | 10-12 | 13-15 | 16-18 || total
---------------------------+-------+-------+-------+-------+-------+-------++-------
  Melee: Long sword        |    84 |   233 |   227 |    50 |    72 |       ||   666
         Scimitar          |       |       |       |   370 |   736 |   579 ||  1685
         Double sword      |       |       |       |       |    51 |   375 ||   426
  Throw: Javelin           |       |       |     5 |     8 |     6 |    33 ||    52
         Boomerang         |       |       |     2 |     6 |    24 |       ||    32
         Dart              |       |       |       |    34 |    36 |     4 ||    74
 Invoke: Divine Shield     |       |       |     1 |     2 |     1 |     3 ||     7
         Cleansing Flame   |       |       |       |     6 |     4 |    25 ||    35
         Summon Divine War |       |       |       |       |       |     2 ||     2
  Evoke: Wand              |       |       |     5 |     9 |    10 |     9 ||    33
    Use: Scroll            |       |     1 |       |    19 |    21 |     4 ||    45
         Potion            |       |       |       |     1 |     2 |     8 ||    11
 Armour: Scale mail        |    43 |    33 |       |       |       |       ||    76
         Chain mail        |       |    85 |   128 |    62 |       |   154 ||   429
         Ring mail         |       |       |       |    86 |   230 |     8 ||   324
         Fire dragon scale |       |       |       |       |       |   285 ||   285
  Dodge: Dodged            |    46 |   112 |    68 |   191 |   254 |   283 ||   954
  Block: Buckler           |    20 |    71 |    59 |       |    41 |       ||   191
         Kite shield       |       |       |    27 |   261 |   156 |       ||   444
         Tower shield      |       |       |       |       |   325 |   886 ||  1211
